 Dungeon Crawl Stone Soup version 0.28-a0-1524-ge72afd5fc6 (webtiles) character file.

Game seed: 880637717014225190

3508 miscthings the Slinger (level 9, -3/68 HPs)
             Began as a Demigod Artificer on Jan 17, 2022.
             Slain by a fire elemental (8 damage)
             ... summoned by a deep elf pyromancer
             ... on level 7 of the Dungeon.
             The game lasted 00:18:02 (6807 turns).

miscthings the Slinger (Demigod Artificer)          Turns: 6807, Time: 00:18:03

Health: -3/68      AC: 10    Str: 21    XL:     9   Next: 51%
Magic:  11/11      EV: 11    Int: 13    God:
Gold:   323        SH:  0    Dex: 18    Spells: 8/8 levels left

rFire   . . .      SeeInvis +   w - +8 trident (vamp)
rCold   . . .      Faith    .   (no shield)
rNeg    . . .      Spirit   .   u - +0 scale mail {rPois}
rPois   +          Reflect  .   (no helmet)
rElec   .          Harm     .   (no cloak)
rCorr   .          Rampage  .   (no gloves)
Will    .....                   (no boots)
Stlth   ..........              (no amulet)
HPRegen 0.21/turn               m - ring of see invisible
MPRegen 0.12/turn               t - +4 ring of protection

@: on fire, glowing
A: high mp 1, forlorn, divine attributes
a: no special abilities


You were on level 7 of the Dungeon.
You visited 1 branch of the dungeon, and saw 7 of its levels.
You also visited: Ossuary.

You collected 323 gold pieces.

Inventory:

Hand Weapons
 q - a +0 hunting sling
 s - a +2 short sword of venom
 w - a +8 vampiric trident (weapon)
Missiles
 o - 128 stones (quivered)
 p - 15 sling bullets
Armour
 u - a +0 scale mail of poison resistance (worn)
Jewellery
 m - a ring of see invisible (left hand)
 t - a +4 ring of protection (right hand)
 E - a ring of positive energy
 F - a ring of wizardry
Wands
 c - a wand of flame (4)
 d - a wand of charming (5)
Scrolls
 b - a scroll of immolation {unknown}
 h - a scroll of teleportation
 k - a scroll of identify {@r1}
 l - a scroll of silence {unknown}
 v - a scroll of noise {unknown}
 x - a scroll of summoning {unknown}
 y - a scroll of torment {unknown}
 C - a scroll of enchant armour {unknown}
Potions
 a - a potion of mutation {unknown}
 f - 2 potions of might {unknown}
 g - a potion of resistance
 i - a potion of lignification {unknown}
 j - a potion of flight {unknown}
 n - a potion of berserk rage {unknown}
 r - 5 potions of heal wounds
 z - a potion of invisibility {unknown}
 A - 3 potions of haste
 B - 4 potions of curing {unknown}
Miscellaneous
 e - a piece from Xom's chessboard (13/15)


   Skills:
 - Level 2.6 Fighting
 + Level 10.8(11.0) Slings
 - Level 3.0(7.5) Throwing
 - Level 3.4 Armour
 - Level 3.0 Dodging
 - Level 0.8 Stealth
 - Level 4.3 Evocations


You had 8 spell levels left.
You didn't know any spells.
Your spell library contained the following spells:

 Spells                   Type           Power      Damage    Failure   Level
 Summon Small Mammal      Summ           0%         N/A       63%         1
 Call Canine Familiar     Summ           0%         N/A       94%         3
 Summon Guardian Golem    Hex/Summ       0%         N/A       94%         3


Dungeon Overview and Level Annotations

Branches:
Dungeon (7/15)             Temple (0/1) D:4         Ossuary (visited)

Annotations:
D:4 1 runed translucent door, fragbeetle's ghost, amateur DrTm


Innate Abilities, Weirdness & Mutations

You have an increased reservoir of magic. (+10% MP)
You shall have no god before yourself.
Your divine heritage dramatically boosts your attributes as you level up.


Message History

You destroy the phantom!
Your piece from Xom's chessboard (13/15) has regained one charge.
The deep elf pyromancer mumbles some strange words.
You barely miss the fire elemental. The fire elemental hits you.
The fire elemental burns you!
You puncture the deep elf pyromancer!
You feel better.
The deep elf pyromancer is lightly wounded.
The fire elemental barely misses you.
The deep elf pyromancer hits you with a +2 dagger of speed.
The fire elemental barely misses you.
You puncture the deep elf pyromancer!
You feel better.
The deep elf pyromancer is heavily wounded.
The deep elf pyromancer casts a spell.
The fire elemental hits you. The fire elemental burns you!
The deep elf pyromancer hits you with a +2 dagger of speed.
The fire elemental closely misses you.
You barely miss the deep elf pyromancer.
The deep elf pyromancer is heavily wounded.
The deep elf pyromancer hits you but does no damage.
The fire elemental barely misses you. The fire elemental closely misses you.
The deep elf pyromancer hits you with a +2 dagger of speed!
You closely miss the deep elf pyromancer.
The deep elf pyromancer is heavily wounded.
The fire elemental closely misses you. The fire elemental barely misses you.
The deep elf pyromancer hits you with a +2 dagger of speed.
The fire elemental hits you. The fire elemental burns you!
* * * LOW HITPOINT WARNING * * *
The fire elemental barely misses you.
The deep elf pyromancer points at you and mumbles some strange words.
The sticky flame hits you.
You are covered in liquid flames!
* * * LOW HITPOINT WARNING * * *
You puncture the deep elf pyromancer!
You feel better.
The deep elf pyromancer is severely wounded.
You are covered in liquid flames!
* * * LOW HITPOINT WARNING * * *
The fire elemental hits you. The fire elemental burns you!
* * * LOW HITPOINT WARNING * * *
The fire elemental hits you. The fire elemental burns you!
You die...

..# #.#...<..# ...
#.......## #.#
#.#...#.# #(#.##..####
###(# #....## #(((#
##....# ##### #..#E##
##...###...# #..##eE#
##..##....# #...#.@.##.
#..##...##
#..##E.).#..#........##
...
#..#†.#.............
.#.
#....##..#.........#
##...#...#......#.##
#..##..##..##..###
##.#..##...#..## .
#)..##....#..#
...###)###.....#.##


You could see a deep elf pyromancer and 3 fire elementals.

Vanquished Creatures
  A two-headed ogre (D:6)
  Grinder (D:3)
  A vampire mosquito (D:7)
  An acid dragon (D:7)
  A water moccasin (D:4)
  3 sky beasts
  A phantom (D:7)
  3 centaurs
  2 elf zombies (Ossuary)
  2 gnoll sergeants
  A kobold brigand (D:6)
  2 bullfrogs
  3 scorpions
  4 wights (D:6)
  A centaur zombie (Ossuary)
  2 human zombies (Ossuary)
  5 hounds
  3 jellies
  2 centaur skeletons
  A bullfrog skeleton (D:7)
  A gnoll shaman (D:7)
  4 iguanas
  2 orc wizards (D:6)
  A killer bee zombie (D:6)
  2 howler monkey zombies
  2 mummies (Ossuary)
  7 adders
  5 gnolls
  An adder zombie (Ossuary)
  An adder skeleton (D:4)
  2 worms
  14 orcs
  4 ball pythons
  13 endoplasms
  4 giant cockroaches
  10 goblins
  13 hobgoblins
  3 jackals (D:1)
  4 quokkas
  5 bats
  3 frilled lizards
  A goblin zombie (Ossuary)
  11 hobgoblin zombies (Ossuary)
  14 kobolds
  12 kobold zombies (Ossuary)
  4 orc zombies (Ossuary)
  10 rats
193 creatures vanquished.

Vanquished Creatures (collateral kills)
  4 gnolls (D:4)
  An adder zombie (Ossuary)
  An orc (D:3)
  A jackal (D:1)
  An orc zombie (Ossuary)
8 creatures vanquished.

Vanquished Creatures (others)
  A black bear (D:7)
  An elf zombie (Ossuary)
  A scorpion (D:6)
  A bullfrog (D:3)
  A gnoll (D:7)
  6 plants
11 creatures vanquished.

Grand Total: 212 creatures vanquished

Notes
Turn   | Place    | Note
-------+----------+-------------------------------------------
     0 | D:1      | miscthings the Demigod Artificer began the quest for the
                  | Orb.
     0 | D:1      | Reached XP level 1. HP: 15/15 MP: 3/3
   481 | D:1      | Reached skill level 1 in Dodging
   486 | D:1      | Reached XP level 2. HP: 22/22 MP: 4/4
   659 | D:1      | Reached skill level 1 in Fighting
   994 | D:2      | Reached XP level 3. HP: 23/28 MP: 5/5
  1748 | D:3      | Reached skill level 1 in Throwing
  1785 | D:3      | Noticed a bullfrog
  1795 | D:3      | Reached XP level 4. HP: 35/35 MP: 6/6
  1861 | D:3      | Noticed Grinder
  1870 | D:3      | Paralysed by Grinder for 2 turns
  1875 | D:3      | Killed Grinder
  1876 | D:3      | Reached XP level 5. HP: 22/41 MP: 7/7
  2160 | D:3      | Reached XP level 6. HP: 44/48 MP: 8/8
  2761 | D:4      | Noticed a water moccasin
  2771 | D:4      | Killed a water moccasin
  2826 | D:4      | Found a runed translucent door.
  2829 | D:4      | Noticed fragbeetle's ghost (amateur DrTm)
  2839 | D:4      | Found a staircase to the Ecumenical Temple.
  3093 | D:4      | Found a sand-covered staircase.
  3107 | Ossuary  | Entered an ossuary
  3263 | Ossuary  | Reached skill level 1 in Slings
  3263 | Ossuary  | Reached XP level 7. HP: 43/56 MP: 9/9
  3304 | Ossuary  | Reached skill level 2 in Slings
  3430 | Ossuary  | Reached skill level 3 in Slings
  3764 | D:4      | Reached skill level 4 in Slings
  3875 | D:5      | Entered Level 5 of the Dungeon
  4039 | D:5      | Reached skill level 5 in Slings
  4098 | D:5      | Reached XP level 8. HP: 29/62 MP: 10/10
  4497 | D:5      | Reached skill level 6 in Slings
  4814 | D:6      | Reached skill level 7 in Slings
  5299 | D:6      | Noticed a two-headed ogre
  5320 | D:6      | Killed a two-headed ogre
  5321 | D:6      | Reached skill level 8 in Slings
  5321 | D:6      | Reached XP level 9. HP: 31/68 MP: 11/11
  5515 | D:6      | Reached skill level 9 in Slings
  6730 | D:7      | Reached skill level 10 in Slings
  6794 | D:7      | Noticed a deep elf pyromancer
  6807 | D:7      | Slain by a fire elemental

Illustrated notes

Levels and vault maps discovered:
D:1:      lightli_arrival_statuegarden, layout_basic, minmay_misc_feat_doors,
          st_stairs_8
D:2:      layout_rooms, hellmonk_ecumenical_altar_zigzags
D:3:      layout_rooms, xom_confusion_cloud, kennysheep_donut,
          hangedman_decor_growths, uniq_grinder
D:4:      layout_basic, minmay_temple_entry_gardened_gates,
          nicolae_ossuary_entry_monument, ebering_ghost_reflecting_pool
D:5:      layout_loops_cross, mainiacjoe_overflow_boulevard
D:6:      corexii_shack_village, layout_loops_ring, kennysheep_flooded_box
D:7:      minmay_the_grid_octo_tiled_octocenter [minmay_the_grid_octo_horde,
          minmay_the_grid_octo_vomiting_pacman, minmay_the_grid_octo_empty,
          minmay_the_grid_octo_odd_swirl,
          minmay_the_grid_octo_prize_ultimate_mussel_roller,
          minmay_the_grid_square_5x5_bracketed, minmay_the_grid_square_5x5_plus,
          minmay_the_grid_square_5x5_eight_small,
          minmay_the_grid_square_5x5_spiral], layout_cave_pools

Skill      XL: |  1  2  3  4  5  6  7  8  9 |
---------------+----------------------------+-----
Evocations     | 3 4 |  4.3
Dodging        | 1 2 3 |  3.0
Armour         | 2 3 |  3.4
Fighting       | 1 2 |  2.6
Throwing       | 1 2 3 |  3.0
Slings         | 1 5 8 10 | 10.8
Stealth        | |  0.8

Action                   |  1- 3 |  4- 6 |  7- 9 || total
-------------------------+-------+-------+-------++-------
Melee: Club              |    69 |       |       ||    69
       Short sword       |    49 |    83 |   186 ||   318
       Punch             |       |       |     7 ||     7
       Trident           |       |       |    34 ||    34
 Fire: Hunting sling     |    40 |   155 |   237 ||   432
Throw: Javelin           |       |     8 |     9 ||    17
Evoke: Wand              |     3 |     7 |    11 ||    21
       Piece from Xom's  |     1 |     2 |     5 ||     8
  Use: Scroll            |       |       |     5 ||     5
 Stab: Petrified         |       |       |    11 ||    11
Armor: Leather armour    |    26 |       |       ||    26
       Scale mail        |    48 |    91 |   153 ||   292
Dodge: Dodged            |    93 |   117 |   188 ||   398

Table legend: (Time is in decaauts)
 A = Elapsed time spent in this place.
 B = Non-inter-level travel time spent in this place.
 C = Inter-level travel time spent in this place.
 D = Time resting spent in this place.
 E = Time spent auto-exploring this place.
 F = Levels seen in this place.
 G = Mean time per level.
                   A        B        C        D        E       F      G
               +--------+--------+--------+--------+--------+-----+--------+
         Total |   6873 |   6568 |    305 |   1427 |   3171 |   8 |  859.1 |
       Dungeon |   6450 |   6145 |    305 |   1427 |   3066 |   7 |  921.4 |
       Ossuary |    422 |    422 |      0 |      0 |    105 |   1 |  422.0 |
               +--------+--------+--------+--------+--------+-----+--------+

Top non-repeatable levels by time:
     D:6: 1805 daAuts
     D:1: 1125 daAuts
     D:3: 981 daAuts
     D:5: 880 daAuts
     D:4: 781 daAuts
     D:2: 643 daAuts
 Ossuary: 422 daAuts
     D:7: 232 daAuts
